 Dungeon Crawl Stone Soup version 0.16.2-2-g470672f (webtiles) character file.

73 nowai the Magician (level 4, 11/24 HPs)
             Began as a Deep Elf Wizard on Aug 26, 2015.
             Quit the game on level 3 of the Dungeon.
             The game lasted 00:12:38 (1064 turns).

nowai the Magician (Deep Elf Wizard)                Turns: 1064, Time: 00:12:38

Health: 11/24      AC:  2    Str:  4    XL:     4   Next: 8%
Magic:  2/15       EV: 12    Int: 24    God:
Gold:   35         SH:  0    Dex: 13    Spells: 4 memorised, 2 levels left

rFire  . . .     SeeInvis .     n - +2 dagger (holy)
rCold  . . .     Clarity  .     a - +0 robe
rNeg   . . .     SustAb   .     (no shield)
rPois  .         Gourm    .     b - +0 hat
rElec  .         Spirit   .     (no cloak)
rCorr  .         Warding  .     (no gloves)
rMut   .         Stasis   .     (no boots)
MR     .....                    (no amulet)
Stlth  ++........               (no ring)
                                (no ring)

@: very slightly contaminated, not resistant to hostile enchantments, unstealthy
A: no striking features
a: no special abilities


You were on level 3 of the Dungeon.
You were not hungry.

You visited 1 branch of the dungeon, and saw 4 of its levels.

You collected 35 gold pieces.

Inventory:

Hand weapons
 n - a +2 dagger of holy wrath (weapon)
Missiles
 g - 46 stones (quivered)
Armour
 a - a +0 robe (worn)
 b - a +0 hat (worn)
 h - a +1 shield of protection
Jewellery
 e - an uncursed ring of protection from fire {unknown}
Scrolls
 i - a scroll of enchant armour {unknown}
 k - 5 scrolls of remove curse {unknown}
 m - a scroll of identify {unknown}
Potions
 f - a potion of haste {unknown}
 l - a potion of poison
 o - a potion of magic {unknown}
Books
 c - a book of Minor Magic

   Spells                             Type                      Level
   a - Magic Dart                     Conjuration                  1
   b - Blink                          Translocation                2
   c - Call Imp                       Summoning                    2
   d - Repel Missiles                 Charms/Air                   2
   e - Slow                           Hexes                        2
   f - Conjure Flame                  Conjuration/Fire             3
   g - Mephitic Cloud                 Conjuration/Poison/Air       3
Comestibles
 d - a bread ration
 j - a chunk of flesh


   Skills:
 - Level 2.4 Dodging
 - Level 2.4 Stealth
 - Level 4.4 Spellcasting
 - Level 4.3 Conjurations
   Level 1.1 Summonings
 - Level 1.1 Translocations
 + Level 0.0 Air Magic


You had 2 spell levels left.
You knew the following spells:

 Your Spells              Type           Power        Failure   Level  Hunger
a - Magic Dart            Conj           ####         1%          1    None
b - Mephitic Cloud        Conj/Pois/Air  ##......     17%         3    ##.....
c - Conjure Flame         Conj/Fire      ###.....     14%         3    ##.....
d - Blink                 Tloc           N/A          12%         2    None


Dungeon Overview and Level Annotations

Branches:
Dungeon (4/15)
 Temple: D:4-7

Altars:
Fedhas

Shops:
D:4 }

Annotations:
D:4 Gargoyl's ghost, average DsAK


Message History

You catch the helpless orc wizard completely off-guard!
You hit the orc wizard.
The orc wizard is severely wounded.
The orc wizard barely misses you.
You hit the orc wizard.
The orc wizard is severely wounded.
You hit the orc wizard.
The orc wizard is almost dead.
The orc wizard hits you with a dagger.
You hit the orc wizard.
You kill the orc wizard!
Your Conjurations skill increases to level 4!
You have reached level 4!
You feel clever.
You climb downwards.
Level annotation: Gargoyl's ghost, average DsAK
There is a stone staircase leading up here.
You climb upwards.
There is a stone staircase leading down here.
Are you sure you want to abandon this character and quit the game? (Confirm with "yes".)

#.##### ##.#...##
....# #.##########
....# #..........#
##..###)########.#
#.#...## #.# ##.#.###
##.## .....#
######...#### .#.###
#......@....# ...#
#.####.[.##.# #.## #.#
##.###.# ## #.#
#.###.# # #####.#.##
#...#.#
!...........######.#.#
########.#.....†.)...#
# #%##.######o### # #
#)# #.#


There were no monsters in sight!

Vanquished Creatures
  An orc wizard (D:3)
  2 adders
  A giant gecko (D:1)
  3 orcs (D:3)
  2 giant cockroaches
  5 goblins
  2 hobgoblins (D:2)
  A kobold (D:3)
  A bat (D:2)
  6 rats
24 creatures vanquished.

Notes
Turn   | Place    | Note
--------------------------------------------------------------
     0 | D:1      | nowai, the Deep Elf Wizard, began the quest for the Orb.
     0 | D:1      | Reached XP level 1. HP: 10/10 MP: 6/6
   170 | D:1      | Reached XP level 2. HP: 15/15 MP: 1/9
   284 | D:2      | Found a blossoming altar of Fedhas.
   666 | D:4      | Found Ceehoqoy's Gadget Boutique.
   673 | D:4      | Noticed a scorpion
   856 | D:4      | Reached XP level 3. HP: 19/19 MP: 9/12
   861 | D:4      | Learned a level 3 spell: Mephitic Cloud
   865 | D:4      | Learned a level 3 spell: Conjure Flame
   868 | D:4      | Learned a level 2 spell: Blink
   892 | D:4      | Noticed Gargoyl's ghost (average DsAK)
  1059 | D:3      | Reached XP level 4. HP: 10/24 MP: 1/15
  1064 | D:3      | Quit the game

Action                   |  1- 3 |  4- 6 || total
-------------------------+-------+-------++-------
Melee: Dagger            |     9 |       ||     9
 Cast: Magic Dart        |    59 |       ||    59
       Blink             |     2 |       ||     2
       Conjure Flame     |     1 |       ||     1
       Mephitic Cloud    |     1 |       ||     1
  Use: Potion            |     2 |       ||     2
 Stab: Confused          |     1 |       ||     1
